 Dungeon Crawl Stone Soup version 0.22.0-27-ga576289 (webtiles) character file.

19 Amnesiac the Gusty (level 2, -1/19 HPs)
             Began as a Mummy Air Elementalist on Aug 21, 2018.
             Slain by a hobgoblin
             ... wielding a +0 club
              (6 damage)
             ... on level 2 of the Dungeon.
             The game lasted 00:00:36 (279 turns).

Amnesiac the Gusty (Mummy Air Elementalist)          Turns: 279, Time: 00:00:37

Health: -1/19      AC:  2    Str: 11    XL:     2   Next: 55%
Magic:  1/6        EV: 12    Int: 14    God:
Gold:   16         SH:  0    Dex: 12    Spells: 4/7 levels left

rFire    x . .     SeeInvis .   d - +1 rapier (freeze)
rCold    + . .     Gourm    .   (no shield)
rNeg     + + +     Faith    .   a - +0 robe
rPois    ∞         Spirit   .   (no helmet)
rElec    .         Reflect  .   (no cloak)
rCorr    .         Harm     .   (no gloves)
MR       .....                  (no boots)
Stlth    ++........             (no amulet)
HPRegen  0.06/turn              (no ring)
MPRegen  0.10/turn              (no ring)

@: very slightly contaminated
A: no food or potions, fire vulnerability, cold resistance 1, negative energy
resistance 3, torment resistance, unbreathing
a: no special abilities


You were on level 2 of the Dungeon.
You were not hungry.

You visited 1 branch of the dungeon, and saw 2 of its levels.

You collected 16 gold pieces.

Inventory:

Hand Weapons
 d - a +1 rapier of freezing (weapon)
Armour
 a - a +0 robe (worn)
Scrolls
 b - a scroll of teleportation {!r, unknown}
 c - a scroll of identify {!r, unknown}


   Skills:
 - Level 1.5 Dodging
 - Level 1.5 Stealth
 + Level 3.0 Spellcasting
 - Level 0.7 Conjurations
 * Level 3.1 Air Magic


You had 4 spell levels left.
You knew the following spells:

 Your Spells              Type           Power        Failure   Level  Hunger
a - Shock                 Conj/Air       #...         10%         1    N/A
z - Swiftness             Chrm/Air       #.......     17%         2    N/A

Your spell library contained the following spells:

 Spells                   Type           Power        Failure   Level  Hunger
 Static Discharge         Conj/Air       #.......     28%         3    N/A
 Airstrike                Air            ##........   52%         4    N/A
 Lightning Bolt           Conj/Air       #.........   95%         5    N/A

Dungeon Overview and Level Annotations

Branches:
Dungeon (2/15)

Altars:


Innate Abilities, Weirdness & Mutations

You do not eat or drink.
Your flesh is vulnerable to fire.
You are immune to poison.
Your flesh is cold resistant. (rC+)
You are immune to negative energy. (rN+++)
You are immune to unholy pain and torment.
You can survive without breathing.


Message History

Press: ? - help, Shift-Dir - straight line, f - adder
Aim: an adder The zap misses the adder.
The zap hits the adder.
The adder is moderately wounded.
The hobgoblin shouts!
The adder closely misses you.
Unknown command.
Casting: Shock (safe; 11% risk of failure)
Confirm with . or Enter, or press ? or * to list all spells.
Aiming: Shock (safe; 11% risk of failure)
Press: ? - help, Shift-Dir - straight line, f/p - adder
Aim: an adder (moderately wounded)
You miscast Shock.
You are very lightly contaminated with residual magic.
You hear a crackling sound.
The adder bites you but does no damage. The adder bites you.
Unknown command.
Casting: Shock (safe; 11% risk of failure)
Confirm with . or Enter, or press ? or * to list all spells.
Aiming: Shock (safe; 11% risk of failure)
Press: ? - help, Shift-Dir - straight line, f/p - adder
Aim: an adder (moderately wounded)
The zap hits the adder.
The adder is heavily wounded.
The zap hits the adder.
The adder is severely wounded.
The adder barely misses you.
Unknown command.
Casting: Shock (safe; 11% risk of failure)
Confirm with . or Enter, or press ? or * to list all spells.
Aiming: Shock (safe; 11% risk of failure)
Press: ? - help, Shift-Dir - straight line, f/p - adder
Aim: an adder (severely wounded)
The zap hits the adder.
The adder is severely wounded.
The zap misses the adder.
The adder bites you.
Unknown command.
Casting: Shock (safe; 11% risk of failure)
Confirm with . or Enter, or press ? or * to list all spells.
Aiming: Shock (safe; 11% risk of failure)
Press: ? - help, Shift-Dir - straight line, f/p - adder
Aim: an adder (severely wounded)
You miscast Shock.
The wind howls around you! The adder misses you. The adder barely misses you.
Unknown command.
The adder bites you.
Wield which item (- for none, * to show all)? (? for menu, Esc to quit)
Your +1 rapier of freezing glows with a cold blue light!
d - a +1 rapier of freezing (weapon)
The adder bites you.
You hit the adder but do no damage.
The adder is severely wounded.
The adder bites you.
* * * LOW HITPOINT WARNING * * *
You puncture the adder!
The adder seems to slow down.
You freeze the adder.
You kill the adder!
Your Spellcasting skill increases to level 3!
Your Air Magic skill increases to level 3!
You hit the kobold. You freeze the kobold.
You kill the kobold!
You closely miss the hobgoblin. The hobgoblin hits you with a club.
* * * LOW HITPOINT WARNING * * *
The hobgoblin hits you with a club.
You die...

# .. ... ....
.....#####
.........###
...%.......# #
...#.###g#.#.#
#.###@#.#.#
............#
#####.#.#.###
#.#.#.##
#......###.#.
#............
#....#.#...#.
#.#.##......#
.#######...##.......


You could see a hobgoblin.

Vanquished Creatures
  An adder (D:2)
  A dart slug (D:1)
  2 hobgoblins (D:1)
  A jackal (D:1)
  A kobold (D:2)
  A goblin (D:1)
  2 rats (D:1)
9 creatures vanquished.

Notes
Turn   | Place    | Note
-------+----------+-------------------------------------------
     0 | D:1      | Amnesiac the Mummy Air Elementalist began the quest for the Orb.
     0 | D:1      | Reached XP level 1. HP: 13/13 MP: 4/4
   216 | D:1      | Reached XP level 2. HP: 18/19 MP: 2/5
   228 | D:1      | Learned a level 2 spell: Swiftness
   279 | D:2      | Slain by a hobgoblin

Skill      XL: |  1  2 |
---------------+-------+-----
Spellcasting   | 3 |  3.0
Air Magic      | 3 |  3.1
Dodging        | |  1.5
Stealth        | |  1.5
Conjurations   | |  0.7

Action                   || total
-------------------------++-------
Melee: Rapier            ||     4
 Cast: Shock             ||    12
Armor: Robe              ||     2
Dodge: Dodged            ||     6
